 Dungeon Crawl Stone Soup version 0.30-a0-964-gd452b5e7fa (webtiles) character file.

Game seed: 13392978576152730380

78 vishdafish the Conjurer (level 4, 0/30 HPs)
             Began as a Demonspawn Conjurer on Mar 30, 2023.
             Killed from afar by Natasha (21 damage)
             ... with a bolt of dispelling energy
             ... on level 2 of the Dungeon.
             The game lasted 00:01:33 (1631 turns).

vishdafish the Conjurer (Demonspawn Conjurer)       Turns: 1631, Time: 00:01:34

Health: 0/30       AC:  2    Str:  7    XL:     4   Next: 15%
Magic:  2/8        EV: 12    Int: 22    God:
Gold:   62         SH:  0    Dex: 11    Spells: 8/9 levels left

rFire   . . .      SeeInvis .    n - +0 trident
rCold   . . .      Faith    .    (no shield)
rNeg    . . .      Spirit   .    a - +0 robe
rPois   .          Reflect  .    (helmet restricted)
rElec   .          Rampage  .    (no cloak)
rCorr   .                        (no gloves)
Will    .....                    (no boots)
Stlth   ++                       (no amulet)
HPRegen 0.25/turn                (no ring)
MPRegen 0.11/turn                (no ring)

@: very slightly contaminated
A: horns 1, powered by death 1
a: no special abilities


You were on level 2 of the Dungeon.
You visited 1 branch of the dungeon, and saw 2 of its levels.

You collected 62 gold pieces.

Inventory:

Hand Weapons
 j - a +0 spear
 n - a +0 trident (weapon)
Armour
 a - a +0 robe (worn)
 k - a +0 helmet
Wands
 o - a wand of quicksilver (6)
Scrolls
 d - a scroll of enchant weapon {unknown}
 e - 2 scrolls of identify {unknown}
 f - a scroll of fear {unknown}
 i - a scroll of fog {unknown}
 l - a scroll of vulnerability {unknown}
Potions
 b - a potion of magic
 c - a potion of brilliance {unknown}
 g - a potion of attraction {unknown}
 h - a potion of might {unknown}
 m - a potion of mutation {unknown}


   Skills:
 - Level 1.7 Dodging
 - Level 1.7 Stealth
 + Level 3.2 Spellcasting
 + Level 4.9 Conjurations


You had 8 spell levels left.
You knew the following spells:

 Your Spells              Type           Power      Damage    Failure   Level
a - Magic Dart            Conj           100%       1d8       1%          1

Your spell library contained the following spells:

 Spells                   Type           Power      Damage    Failure   Level
 Searing Ray              Conj           50%        2d6       2%          2
 Dazzling Flash           Conj/Hex       28%        N/A       13%         3
 Fulminant Prism          Conj/Hex       7%         3d7       41%         4
 Iskenderun's Mystic Bla  Conj/Tloc      14%        2d5       41%         4


Dungeon Overview and Level Annotations

Branches:
Dungeon (2/15)

Altars:
Kikubaaqudgha

Annotations:
D:2 Natasha


Innate Abilities, Weirdness & Mutations

You have a pair of small horns on your head.
You regenerate a little health from kills.


Message History

An endoplasm comes into view.
An endoplasm is nearby!
An endoplasm is nearby!
The magic dart hits the endoplasm!
You kill the endoplasm!
You can't see any susceptible monsters within range! (Use Z to cast anyway.)
You can't see any susceptible monsters within range! (Use Z to cast anyway.)
A quokka zombie and a rat come into view.
Found a glaive.
A rat is nearby!
A rat is nearby!
The magic dart hits the rat.
The rat is severely wounded.
You can't see any susceptible monsters within range! (Use Z to cast anyway.)
You can't see any susceptible monsters within range! (Use Z to cast anyway.)
A rat is nearby!
A rat is nearby!
The magic dart hits the rat.
You kill the rat!
You can't see any susceptible monsters within range! (Use Z to cast anyway.) Natasha, Servant of Life and Death comes into view.
She is carrying a wand of quicksilver (7).
Natasha is nearby!
Natasha is nearby!
The magic dart hits Natasha.
Natasha is lightly wounded.
The magic dart hits Natasha.
Natasha is heavily wounded.
Natasha claws you!
The magic dart hits Natasha.
Natasha is heavily wounded.
Natasha claws you.
You miscast Magic Dart.
You are very lightly contaminated with residual magic.
Nothing appears to happen.
Natasha claws you.
The magic dart hits Natasha.
Natasha is heavily wounded.
Natasha zaps a wand.
The bolt of dispelling energy hits you!!
Ouch! That really hurt!
You die...

..#######..###..###..#...........
♣♣♣.............†...#####[##..###
..♣♣.####.#..#.###...............
)..♣#####.#....#...######...###..
.......##.##...#.### #.# #..
♣......#..#.....# #..###.
##...#..#.##...## #.....
#...##.......#### ####..
#....###......@h# ##.
###...#####..###......) #######
#........##..# .#..... .#......
#.##.###..#..# .# .............
#.##.####.#.## .# .#.#.#.#....
##.##..# #.### .. ...........
#..###.# #..# .. #.#.#.#... #.##
#.# ##.## ..#. ......... ..# #.#
#..# ..# .#.#.#.#..


You could see Natasha.

Vanquished Creatures
  Natasha (D:2)
  An adder (D:2)
  An adder zombie (D:2)
  A spectral bat (D:2)
  4 ball pythons
  5 bats
  2 endoplasms
  A giant cockroach (D:2)
  6 hobgoblins
  2 kobolds (D:2)
  2 quokkas (D:1)
  2 frilled lizards (D:1)
  A giant cockroach simulacrum (D:2)
  3 goblins (D:1)
  A quokka skeleton (D:2)
  7 rats
40 creatures vanquished.

Vanquished Creatures (others)
  20 withered plants (D:2)
20 creatures vanquished.

Grand Total: 60 creatures vanquished

Notes
Turn   | Place    | Note
-------+----------+-------------------------------------------
     0 | D:1      | vishdafish the Demonspawn Conjurer began the quest for the
                  | Orb.
     0 | D:1      | Reached XP level 1. HP: 13/13 MP: 3/3
   165 | D:1      | Found a faded altar of an unknown god.
   364 | D:1      | Gained mutation: You regenerate a little health from kills.
                  | [demonic ancestry]
   364 | D:1      | Reached XP level 2. HP: 19/19 MP: 3/5
  1032 | D:2      | Found an ancient bone altar of Kikubaaqudgha.
  1230 | D:2      | Reached XP level 3. HP: 24/24 MP: 7/7
  1408 | D:2      | Noticed Natasha
  1412 | D:2      | Killed Natasha
  1493 | D:2      | Gained mutation: You have a pair of small horns on your
                  | head. [demonic ancestry]
  1493 | D:2      | Reached XP level 4. HP: 15/30 MP: 1/8
  1626 | D:2      | Noticed Natasha
  1631 | D:2      | Killed from afar by Natasha

Illustrated notes

Levels and vault maps discovered:
D:1:      dpeg_arrival_shelter, layout_basic,
          hellmonk_ecumenical_altar_arch_garden, chequers_serial_rivers_large_b
D:2:      layout_rooms, basic_altar, hex_medium, dilly_guarded_unrand_morg

Skill      XL: |  1  2  3 |
---------------+----------+-----
Spellcasting   | 3 |  3.2
Dodging        | |  1.7
Stealth        | |  1.7
Conjurations   | |  4.9

Action                     |  1- 3 |  4- 6 || total
---------------------------+-------+-------++-------
  Melee: Spear             |    27 |       ||    27
         Punch             |     1 |       ||     1
         Trident           |     2 |       ||     2
   Cast: Magic Dart        |    65 |     7 ||    72
  Evoke: Wand              |     1 |     1 ||     2
   Stab: Sleeping          |     1 |       ||     1
 Armour: Robe              |    10 |       ||    10
  Dodge: Dodged            |    29 |       ||    29

Table legend: (Time is in decaauts)
 A = Elapsed time spent in this place.
 B = Non-inter-level travel time spent in this place.
 C = Inter-level travel time spent in this place.
 D = Time resting spent in this place.
 E = Time spent auto-exploring this place.
 F = Levels seen in this place.
 G = Mean time per level.
                   A        B        C        D        E       F      G
               +--------+--------+--------+--------+--------+-----+--------+
         Total |   1660 |   1613 |     47 |      0 |   1414 |   2 |  830.0 |
       Dungeon |   1660 |   1613 |     47 |      0 |   1414 |   2 |  830.0 |
               +--------+--------+--------+--------+--------+-----+--------+

Top non-repeatable levels by time:
     D:1: 1059 daAuts
     D:2: 601 daAuts
